 Dungeon Crawl Stone Soup version 0.29-a0-653-gd47aff6735 (webtiles) character file.

Game seed: 17756682142116465943

25 frimble the Grasshopper (level 3, 0/24 HPs)
             Began as an Octopode Warper on June 22, 2022.
             Shot with a sling bullet by a goblin (4 damage)
             ... led by Robin
             ... on level 1 of the Dungeon.
             The game lasted 00:01:06 (1204 turns).

frimble the Grasshopper (Octopode Warper)           Turns: 1204, Time: 00:01:07

Health: 0/24       AC:  1    Str: 16    XL:     3   Next: 4%
Magic:  4/6        EV: 13    Int: 15    God:
Gold:   91         SH:  0    Dex: 13    Spells: 4/6 levels left

rFire   . . .      SeeInvis .   a - +0 falchion
rCold   . . .      Faith    .   (no shield)
rNeg    . . .      Spirit   .   (helmet restricted)
rPois   .          Reflect  .   (no amulet)
rElec   .          Harm     .   i - +6 ring of strength
rCorr   .          Rampage  .   (no ring)
Will    .....                   (no ring)
Stlth   +++.......              (no ring)
HPRegen 0.08/turn               (no ring)
MPRegen 0.10/turn               (no ring)
                                (no ring)
                                (no ring)

@: on blink cooldown
A: almost no armour, amphibious, 8 rings, camouflage 1, gelatinous body 1,
(nimble swimmer 1), tentacles
a: no special abilities


You were on level 1 of the Dungeon.
You visited 1 branch of the dungeon, and saw 2 of its levels.

You collected 91 gold pieces.

Inventory:

Hand Weapons
 a - a +0 falchion (weapon)
Missiles
 c - 7 boomerangs of dispersal
 e - 3 poisoned darts (quivered)
Jewellery
 i - a +6 ring of strength (left tentacle)
Scrolls
 g - a scroll of amnesia {unknown}
 h - a scroll of noise {unknown}
 j - a scroll of poison {unknown}
 k - 2 scrolls of teleportation {unknown}
 l - a scroll of magic mapping {unknown}
 m - a scroll of identify {unknown}
Potions
 d - a potion of magic {unknown}
 f - a potion of mutation {unknown}


   Skills:
 + Level 2.3 Fighting
 + Level 2.3 Long Blades
 + Level 1.5 Throwing
 - Level 2.3 Dodging
 + Level 1.4 Stealth
 - Level 2.0 Spellcasting
 + Level 3.2 Translocations


You had 4 spell levels left.
You knew the following spells:

 Your Spells              Type           Power      Damage    Failure   Level
a - Blink                 Tloc           22%        N/A       9%          2

Your spell library contained the following spells:

 Spells                   Type           Power      Damage    Failure   Level
 Gell's Gravitas          Tloc           11%        N/A       19%         3
 Lesser Beckoning         Tloc           11%        N/A       19%         3
 Teleport Other           Tloc           11%        N/A       19%         3
 Static Discharge         Conj/Air       1%         N/A       32%         2
 Sublimation of Blood     Necr           1%         N/A       32%         2
 Wereblood                Tmut           1%         N/A       32%         2
 Dispel Undead            Necr           1%         3d6       91%         4
 Sticky Flame             Conj/Fire      1%         2d3       91%         4
 Manifold Assault         Tloc           11%        N/A       86%         5
 Summon Hydra             Summ           0%         N/A       100%        7


Dungeon Overview and Level Annotations

Branches:
Dungeon (2/15)

Altars:

Annotations:
D:2 Robin


Innate Abilities, Weirdness & Mutations

You cannot wear most types of armour.
You are amphibious.
You can wear up to eight rings at the same time.
Your skin changes colour to match your surroundings (Stealth+).
Your rubbery body absorbs attacks. (AC +1, EV +1)
((You are camouflaged when in or above water. (Stealth+)))
You have tentacles for arms and can constrict up to eight enemies at once.


Message History

Throw: 6 darts (poison)
Press: ? - help, Q - select action, (/) - cycle Shift-Dir - straight line, f - hobgoblin
Aim: a hobgoblin (57% to hit)
You throw a poisoned dart. The poisoned dart hits the hobgoblin.
The hobgoblin is poisoned.
Throw: 5 darts (poison)
Press: ? - help, Q - select action, (/) - cycle Shift-Dir - straight line, f/p - hobgoblin
Aim: a hobgoblin (poisoned, 57% to hit)
You throw a poisoned dart. The poisoned dart hits the hobgoblin.
The hobgoblin looks even sicker.
Throw: 4 darts (poison)
Press: ? - help, Q - select action, (/) - cycle Shift-Dir - straight line, f/p - hobgoblin
Aim: a hobgoblin (moderately wounded, very poisoned, 57% to hit)
You throw a poisoned dart. The poisoned dart hits the hobgoblin.
The hobgoblin looks even sicker.
The hobgoblin is moderately wounded.
You barely miss the hobgoblin. Your grab misses the hobgoblin.
The hobgoblin is moderately wounded.
The hobgoblin closely misses you.
You hit the hobgoblin but do no damage. You grab the hobgoblin.
The hobgoblin is severely wounded.
You constrict the hobgoblin. The hobgoblin hits you.
Robin throws the goblin at you! The goblin barely misses you.
The goblin unwields a +0 hunting sling.
The goblin wields a +0 dagger.
The goblin hits you with a +0 dagger. The goblin hits you with a +0 club.
The hobgoblin escapes!
Robin throws the goblin at you! The goblin barely misses you.
You kill the hobgoblin!
The goblin hits you with a +0 dagger.
* * * LOW HITPOINT WARNING * * *
The goblin closely misses you. The goblin hits you with a +0 club.
* * * LOW HITPOINT WARNING * * *
You climb upwards.
There is a stone staircase leading down here.
Casting: Blink (safe; 9% risk of failure)
Confirm with . or Enter, or press ? or * to list all spells.
You blink.
The goblin unwields a +0 dagger.
The goblin wields a +0 hunting sling.
The goblin shoots a sling bullet.
The sling bullet hits you.
You die...

###### #....#
################....##
#.....................
#................#####
#....@..gg.......#####
#.......g§g......'....
#................#####
#..........(.....#
#................#
#................#
#.......#....#####
#..##..##....#
#...##.#.....########


You could see 4 goblins.

Vanquished Creatures
  A giant cockroach (D:2)
  5 hobgoblins
  3 kobolds
  2 quokkas
  A ball python (D:1)
  4 bats
  A frilled lizard (D:1)
  3 goblins
  3 rats
23 creatures vanquished.

Notes
Turn   | Place    | Note
-------+----------+-------------------------------------------
     0 | D:1      | frimble the Octopode Warper began the quest for the Orb.
     0 | D:1      | Reached XP level 1. HP: 14/14 MP: 3/3
   392 | D:1      | Found a faded altar of an unknown god.
   555 | D:1      | Reached XP level 2. HP: 19/19 MP: 5/5
   560 | D:1      | Reached skill level 1 in Stealth
   564 | D:1      | Learned a level 2 spell: Blink
  1020 | D:2      | Noticed Robin
  1197 | D:2      | Reached XP level 3. HP: 23/24 MP: 6/6
  1204 | D:1      | Shot with a sling bullet by a goblin

Illustrated notes

Levels and vault maps discovered:
D:1:      scummos_arrival_checkerplants, layout_basic,
          hellmonk_ecumenical_altar_heavens_door, minmay_tetromino_s4
D:2:      layout_basic, uniq_robin, uniq_sigmund

Skill      XL: |  1  2 |
---------------+-------+-----
Stealth        | 1 |  1.4
Fighting       | |  2.3
Long Blades    | |  2.3
Throwing       | |  1.5
Dodging        | |  2.3
Spellcasting   | |  2.0
Translocations | |  3.2

Action                   || total
-------------------------++-------
Melee: Falchion          ||    43
       Constrict         ||    13
       Tentacles         ||     6
Throw: Dart              ||     4
 Cast: Blink             ||     1
  Use: Scroll            ||     1
 Stab: Sleeping          ||     2
Armor: Skin              ||     7
Dodge: Dodged            ||    46

Table legend: (Time is in decaauts)
 A = Elapsed time spent in this place.
 B = Non-inter-level travel time spent in this place.
 C = Inter-level travel time spent in this place.
 D = Time resting spent in this place.
 E = Time spent auto-exploring this place.
 F = Levels seen in this place.
 G = Mean time per level.
                   A        B        C        D        E       F      G
               +--------+--------+--------+--------+--------+-----+--------+
         Total |   1212 |   1187 |     25 |    162 |    865 |   2 |  606.0 |
       Dungeon |   1212 |   1187 |     25 |    162 |    865 |   2 |  606.0 |
               +--------+--------+--------+--------+--------+-----+--------+

Top non-repeatable levels by time:
     D:1: 926 daAuts
     D:2: 286 daAuts
